 Dungeon Crawl Stone Soup version 0.30.1-11-g7821555f0a (webtiles) character file.

Game seed: 12870238535275124914

61 lonewolfV2 the Trooper (level 4, 0/38 HPs)
             Began as a Formicid Fighter on Nov 2, 2023.
             Slain by a gnoll
             ... wielding a +0 club
              (3 damage)
             ... on level 2 of the Dungeon.
             The game lasted 00:02:08 (1076 turns).

lonewolfV2 the Trooper (Formicid Fighter)           Turns: 1076, Time: 00:02:08

Health: 0/38       AC:  9    Str: 23    XL:     4   Next: 27%
Magic:  4/4        EV:  8    Int:  7    God:
Gold:   90         SH:  5    Dex: 13    Spells: 3/3 levels left

rFire   . . .        a - +0 war axe
rCold   . . .        c - +0 buckler
rNeg    . . .        i - +0 chain mail
rPois   .            (helmet unavailable)
rElec   .            (no cloak)
rCorr   .            (no gloves)
SInv    +            (no boots)
Will    .....        (no amulet) Stlth
                     (no ring)
HPRegen 0.26/turn    (no ring)
MPRegen 0.09/turn

%: no passive effects
@: mighty
A: permanent stasis, dig shafts and tunnels, antennae 3, four strong arms
a: Dig, Shaft Self


You were on level 2 of the Dungeon.
You visited 1 branch of the dungeon, and saw 2 of its levels.

You collected 90 gold pieces.

Inventory:

Hand Weapons
 a - a +0 war axe (weapon)
Armour
 c - a +0 buckler (worn)
 i - a +0 chain mail (worn)
Scrolls
 b - a scroll of teleportation {unknown}
 f - a scroll of identify
Potions
 e - a potion of attraction {unknown}
 h - a potion of brilliance {unknown}


   Skills:
 + Level 4.4 Fighting
 + Level 3.3 Axes
 - Level 3.2 Armour
 - Level 4.0 Shields


You had 3 spell levels left.
You didn't know any spells.
Your spell library was empty.

Dungeon Overview and Level Annotations

Branches:
Dungeon (2/15)

Altars:

Shops:
D:1 *:!


Innate Abilities, Weirdness & Mutations

You cannot be hasted, slowed, berserked, paralysed or teleported.
You can dig through walls and to a lower floor.
You have a pair of large antennae on your head. (SInv)
Your four strong arms can wield two-handed weapons with a shield.


Message History

You slash the gnoll!
The gnoll is almost dead.
The gnoll closely misses you. The gnoll hits you with a +0 halberd.
* * * LOW HITPOINT WARNING * * *
You slash the gnoll!
You kill the gnoll!
Your Axes skill increases to level 3!
You closely miss the gnoll. The gnoll barely misses you.
The gnoll hits you with a +0 whip.
* * * LOW HITPOINT WARNING * * *
You hit the gnoll.
The gnoll is lightly wounded.
You block the gnoll's attack.
You barely miss the gnoll.
The gnoll is lightly wounded.
The gnoll hits you with a +0 whip.
* * * LOW HITPOINT WARNING * * *
You barely miss the gnoll.
The gnoll is lightly wounded.
You block the gnoll's attack. The gnoll hits you but does no damage.
You slash the gnoll!
You kill the gnoll!
The giant cockroach bites you but does no damage.
You have reached level 4!
You feel stronger.
You slice the giant cockroach!!
You kill the giant cockroach!
The gnoll hits you but does no damage.
You barely miss the gnoll. The gnoll barely misses you.
You slash the gnoll!
The gnoll is almost dead.
The gnoll closely misses you.
You hit the gnoll.
You kill the gnoll!
The gnoll hits you with a +0 club!
* * * LOW HITPOINT WARNING * * *
You hit the gnoll.
The gnoll is moderately wounded.
The gnoll hits you with a +0 club.
You die...

## #. ####)## ...... .#
#...# ##.# #.).# )..#
#####...##############..#
......)Kbg@.......>..#..#
#.#.....#####.######.#..#
#..#..# #.# #.#..#
#.....# #.# #....#
.......# #.# ###..###
#.#.#.#.# #.# #.....#
#........ ..#######...#..
##.#.#.# .....).........
#########>.##..


You could see a gnoll, a bat and a kobold.

Vanquished Creatures
  3 gnolls (D:2)
  An adder (D:2)
  A dart slug (D:2)
  3 endoplasms
  A giant cockroach (D:2)
  5 goblins
  A quokka (D:1)
  A ball python (D:1)
  2 bats
  A frilled lizard (D:2)
  2 kobolds (D:2)
  3 rats (D:1)
24 creatures vanquished.

Notes
Turn   | Place    | Note
-------+----------+-------------------------------------------
     0 | D:1      | lonewolfV2 the Formicid Fighter began the quest for the
                  | Orb.
     0 | D:1      | Reached XP level 1. HP: 18/18 MP: 1/1
    48 | D:1      | Found Rakanex's Distillery.
   229 | D:1      | Reached XP level 2. HP: 15/24 MP: 2/2
   312 | D:1      | Found a faded altar of an unknown god.
   613 | D:1      | Found Fist's Book Shop.
   702 | D:1      | Found Xangae's Assorted Antiques.
   899 | D:2      | Reached XP level 3. HP: 30/30 MP: 3/3
  1072 | D:2      | Reached XP level 4. HP: 9/37 MP: 4/4
  1076 | D:2      | Slain by a gnoll

Illustrated notes

Levels and vault maps discovered:
D:1:      evilmike_arrival_hilbert_curve, layout_basic,
          shapermc_ecumenical_altar_hornbeckon, serial_shops,
          nicolae_shop_window_shopping, shop, shop
D:2:      layout_loops_ring

Skill      XL: |  1  2  3 |
---------------+----------+-----
Fighting       | 4 |  4.4
Axes           | 3 |  3.3
Armour         | |  3.2
Shields        | |  4.0

Action                     |  1- 3 |  4- 6 || total
---------------------------+-------+-------++-------
  Melee: War axe           |    51 |     5 ||    56
    Use: Scroll            |     4 |       ||     4
         Potion            |     2 |       ||     2
 Armour: Scale mail        |     9 |       ||     9
         Chain mail        |    22 |     1 ||    23
  Dodge: Dodged            |    27 |     2 ||    29
  Block: Buckler           |    21 |       ||    21
